 Dungeon Crawl Stone Soup version 0.29.1-15-g9cfb28693d (webtiles) character file.

Game seed: 905916855763800869

81 Hyper the Trooper (level 4, 0/36 HPs)
             Began as a Human Monk on May 2, 2023.
             Succumbed to an adder's poison
             ... on level 3 of the Dungeon.
             The game lasted 00:08:56 (2977 turns).

Hyper the Trooper (Human Monk)                      Turns: 2977, Time: 00:08:58

Health: 0/36       AC:  2    Str: 17      XL:     4   Next: 67%
Magic:  4/4        EV: 13    Int:  9 (10) God:
Gold:   115        SH:  0    Dex: 17 (18) Spells: 3/3 levels left

rFire   . . .      SeeInvis .     - Unarmed
rCold   . . .      Faith    .   (no shield)
rNeg    . . .      Spirit   .   a - +0 robe
rPois   .          Reflect  .   (no helmet)
rElec   .          Harm     .   (no cloak)
rCorr   .          Rampage  .   (no gloves)
Will    .....                   (no boots)
Stlth   ++........              (no amulet)
HPRegen 0.12/turn               f - +6 ring of strength
MPRegen 0.09/turn               (no ring)

@: lethally poisoned (0 -> -3)
A: no striking features
a: no special abilities


You were on level 3 of the Dungeon.
You visited 1 branch of the dungeon, and saw 3 of its levels.

You collected 115 gold pieces.

Inventory:

Armour
 a - a +0 robe (worn)
 c - a +0 plate armour
Jewellery
 f - a +6 ring of strength (left hand)
 h - a ring of resist corrosion
Scrolls
 d - a scroll of teleportation
 e - a scroll of identify
 g - a scroll of silence


   Skills:
 + Level 3.6 Fighting
 + Level 3.5 Dodging
 + Level 3.0 Stealth
 + Level 3.6 Unarmed Combat


You had 3 spell levels left.
You didn't know any spells.
Your spell library contained the following spells:

 Spells                   Type           Power      Damage    Failure   Level
 Gell's Gravitas          Tloc           0%         N/A       77%         3
 Lesser Beckoning         Tloc           0%         N/A       77%         3
 Teleport Other           Tloc           0%         N/A       77%         3


Dungeon Overview and Level Annotations

Branches:
Dungeon (3/15)

Altars:
Qazlal


Message History

Aim: an adder (almost dead, about 56% to evade your hands)
You barely miss the adder.
The adder is almost dead.
The adder barely misses you.
Attack: -) Nothing wielded
Press: ? - help, Dir - move target, f/p - adder
Aim: an adder (almost dead, about 56% to evade your hands)
You barely miss the adder.
The adder is almost dead.
The adder bites you.
* * * LOW HITPOINT WARNING * * *
You are poisoned.
The adder poisons you! The adder bites you.
* * * LOW HITPOINT WARNING * * *
You are lethally poisoned!
The adder poisons you!
Attack: -) Nothing wielded
Press: ? - help, Dir - move target, f/p - adder
Aim: an adder (severely wounded, about 56% to evade your hands)
You hit the adder.
You kill the adder!
* * * LOW HITPOINT WARNING * * *
You feel very sick.
You feel your strength returning.
Your Stealth skill increases to level 3!
There is a lethal amount of poison in your body!
There is a lethal amount of poison in your body!
There is a lethal amount of poison in your body!
There is a lethal amount of poison in your body!
There is a lethal amount of poison in your body!
* * * LOW HITPOINT WARNING * * *
You feel sick.
There is a lethal amount of poison in your body!
* * * LOW HITPOINT WARNING * * *
You feel sick.
* * * LOW HITPOINT WARNING * * *
You feel sick.
* * * LOW HITPOINT WARNING * * *
You feel sick.
You die...

#.# ##.## ##
#.# #.# #.. #.#
##. #.# #.#
####### #.#
###.....). #.#
#.).......
#.####.#[#####.
#<....@#.#
########.# ..
##


There were no monsters in sight!

Vanquished Creatures
  2 adders (D:3)
  8 dart slugs
  5 endoplasms
  A giant cockroach (D:2)
  6 goblins
  7 hobgoblins
  2 quokkas
  3 ball pythons
  2 bats
  3 frilled lizards
  4 kobolds
  3 rats (D:1)
46 creatures vanquished.

Notes
Turn   | Place    | Note
-------+----------+-------------------------------------------
     0 | D:1      | Hyper the Human Monk began the quest for the Orb.
     0 | D:1      | Reached XP level 1. HP: 18/18 MP: 1/1
   149 | D:1      | Reached XP level 2. HP: 18/24 MP: 2/2
   598 | D:1      | Reached XP level 3. HP: 29/29 MP: 3/3
  2160 | D:2      | Reached XP level 4. HP: 28/35 MP: 4/4
  2466 | D:2      | Found a stormy altar of Qazlal.
  2975 | D:3      | HP: 1/36 [poisoned by an adder]
  2977 | D:3      | Succumbed to an adder's poison

Illustrated notes

Levels and vault maps discovered:
D:1:      dpeg_arrival_rhombi, layout_basic, chequers_serial_rivers_large_b
D:2:      layout_basic, basic_altar
D:3:      layout_loops_ring, slow_altar_2, minmay_misc_feat_encased,
          serial_bayou_pond_a

Skill      XL: |  1  2  3  4 |
---------------+-------------+-----
Stealth        | 3 |  3.0
Fighting       | |  3.6
Dodging        | |  3.5
Unarmed Combat | |  3.6

Action                   |  1- 3 |  4- 6 || total
-------------------------+-------+-------++-------
Melee: Unarmed           |   115 |    60 ||   175
       Punch             |     3 |       ||     3
  Use: Scroll            |     5 |     1 ||     6
       Potion            |     2 |     1 ||     3
 Stab: Sleeping          |     7 |     2 ||     9
Armor: Robe              |    16 |    11 ||    27
Dodge: Dodged            |    49 |    39 ||    88
